 Dungeon Crawl Stone Soup version 0.24.1-14-gf8d2b509d9 (webtiles) character file.

Game seed: 10159026368766632660, levelgen mode: deterministic

19421 lepoulpe303 the Geomancer (level 12, -9/59 HPs)
             Began as a Gargoyle Earth Elementalist on May 25, 2020.
             Was a Priest of Vehumet.
             Mangled by a spiny frog (16 damage)
             ... on level 4 of the Lair of Beasts on May 26, 2020.
             The game lasted 01:04:40 (15423 turns).

lepoulpe303 the Geomancer (GrEE)                   Turns: 15423, Time: 01:04:40

Health: -9/59      AC: 21    Str: 13    XL:     12   Next: 68%
Magic:  20/26      EV: 14    Int: 22    God:    Vehumet [***...]
Gold:   670        SH:  4    Dex: 10    Spells: 13/32 levels left

rFire    + . .     SeeInvis .   H - +4 morningstar of Distant Worlds {crush, Fragile rF+ MR+ Int+2}
rCold    . . .     Gourm    .   (no shield)
rNeg     + + +     Faith    .   L - +0 troll leather armour {regen}
rPois    ∞         Spirit   .   P - +0 hat of the Valley of Death {rN+}
rElec    +         Reflect  +   C - +2 cloak
rCorr    .         Harm     .   J - +0 pair of gloves
MR       +....                  v - +0 pair of boots
Stlth    ++........             n - +4 amulet of reflection
HPRegen  0.59/turn              x - +2 ring of protection
MPRegen  0.20/turn              N - ring of positive energy {rN+}

@: studying 2 skills
A: negative energy resistance 1, electricity resistance, unbreathing,
petrification resistance, rot immunity, AC +8
a: Renounce Religion


You were on level 4 of the Lair of Beasts.
You worshipped Vehumet.
Vehumet was most pleased with you.
You were hungry.

You visited 3 branches of the dungeon, and saw 15 of its levels.
You also visited: Gauntlet.

You collected 880 gold pieces.
You spent 210 gold pieces at shops.

Inventory:

Hand Weapons
 H - the +4 morningstar of Distant Worlds (weapon) {crush, Fragile rF+ MR+ Int+2}
   (You found it on level 1 of the Lair of Beasts)

   It inflicts extra damage upon your enemies.
   It affects your intelligence (+2).
   It protects you from fire.
   It affects your resistance to hostile enchantments.
   It will be destroyed if unequipped.
 R - the +9 mace of Incongruity {freeze, rF++ Str+3, unknown}
   (You found it in a Gauntlet)

   It has been specially enchanted to freeze those struck by it, causing extra
   injury to most foes and up to half again as much damage against particularly
   susceptible opponents.
   It can also slow down cold-blooded creatures.
   It affects your strength (+3).
   It greatly protects you from fire.
Missiles
 M - 7 javelins (quivered)
 Q - 178 stones
Armour
 v - a +0 pair of boots (worn)
 C - a +2 cloak (worn)
 J - a +0 pair of gloves (worn)
 L - a +0 troll leather armour (worn) {regen}
 P - the +0 hat of the Valley of Death (worn) {rN+}
   (You found it in a Gauntlet)

   It protects you from negative energy.
Magical Staves
 X - an uncursed staff of fire {unknown}
Jewellery
 n - a +4 amulet of reflection (around neck)
 x - a +2 ring of protection (left hand)
 N - a ring of positive energy (right hand) {rN+}
 U - an uncursed amulet of rage {unknown}
Wands
 p - a wand of polymorph (6)
 z - a wand of iceblast (13)
 D - a wand of digging (5)
 E - a wand of acid (10)
 V - a wand of paralysis (10)
Scrolls
 a - 2 scrolls of magic mapping {!r}
 c - a scroll of noise {unknown}
 g - 3 scrolls of fear
 i - a scroll of identify
 m - 2 scrolls of enchant armour {unknown}
 s - 2 scrolls of amnesia
 t - 8 scrolls of teleportation
 w - 10 scrolls of remove curse
 y - a scroll of immolation {unknown}
 K - 2 scrolls of brand weapon {unknown}
 O - a scroll of blinking {unknown}
Potions
 b - a potion of lignification {unknown}
 d - 2 potions of might
 f - 5 potions of brilliance
 h - 2 potions of haste
 k - a potion of agility {unknown}
 l - 3 potions of heal wounds
 o - 2 potions of degeneration {unknown}
 q - 7 potions of curing
 r - 5 potions of flight {unknown}
 A - 3 potions of magic
 S - a potion of mutation {unknown}
Books
 u - a manual of Slings {!d}
 T - a manual of Long Blades {!d}
Miscellaneous
 W - a phantom mirror
Comestibles
 e - 11 rations


   Skills:
 + Level 4.8 Maces & Flails
 - Level 4.0 Armour
 + Level 7.1 Dodging
 - Level 4.6 Stealth
 * Level 10.8 Spellcasting
 + Level 5.3 Conjurations
 - Level 3.1 Transmutations
 * Level 13.8 Earth Magic


You had 13 spell levels left.
You knew the following spells:

 Your Spells              Type           Power        Failure   Level  Hunger
a - Sandblast             Erth           ######       0%          1    None
b - Sting                 Conj/Pois      ###.         1%          1    None
c - Petrify               Tmut/Erth      #####...     1%          4    #......
d - Mephitic Cloud        Conj/Pois/Air  ###.....     2%          3    None
w - Passwall              Tmut/Erth      #####...     1%          2    None
x - Stone Arrow           Conj/Erth      ######       1%          3    None
z - Lee's Rapid Deconstr  Erth           ######....   1%          5    ####...

Your spell library contained the following spells:

 Spells                   Type           Power        Failure   Level  Hunger
 Fulminant Prism          Conj/Hex       ###.......   6%          4    #......
 Conjure Flame            Conj/Fire      ###.....     1%          3    None
 Animate Skeleton         Necr           N/A          7%          1    None
 Apportation              Tloc           ##....       7%          1    None
 Confusing Touch          Hex            ##....       7%          1    None
 Summon Small Mammal      Summ           ##..         7%          1    None
 Poisonous Vapours        Pois/Air       ##....       11%         2    None
 Confuse                  Hex            ##......     21%         3    None
 Gell's Gravitas          Tloc           ##........   21%         3    None
 Yara's Violent Unravell  Hex/Tmut       ###.......   24%         5    ####...
 Freezing Cloud           Conj/Ice/Air   ###.......   75%         6    ######.
 Metabolic Englaciation   Hex/Ice        ##........   88%         5    ####...
 Ring of Flames           Chrm/Fire      ##........   100%        7    #######


Dungeon Overview and Level Annotations

Branches:
Dungeon (10/15)            Temple (1/1) D:4            Lair (4/6) D:8
 Spider (0/4) Lair:3      Gauntlet (visited)
  Swamp: Lair:2-4    Shoals: Lair:2-4       Orc: D:9-12

Altars:
Ashenzari
Dithmenos
Elyvilon
Fedhas
Gozag
Hepliaklqana
Kikubaaqudgha
Makhleb
Qazlal
Ru
Sif Muna
Trog
Vehumet
Wu Jian
Xom
Zin
The Shining One

Shops:
D:4 *   D:7 [

Annotations:
D:6 Pikel


Innate Abilities, Weirdness & Mutations

You are resistant to torment.
Your stone body is resilient. (AC +8)
You are immune to poison.
You resist negative energy. (rN+)
You are resistant to electric shocks. (rElec)
You can survive without breathing.
You are immune to petrification.
You are immune to rotting.


Message History

* * * LOW HITPOINT WARNING * * *
The spiny frog closely misses you.
You begin to meditate on the wall.
You continue meditating on the rock.
The black mamba barely misses you. The black mamba misses you.
The spiny frog stings you but does no damage.
You continue meditating on the rock.
The black mamba misses you. The spiny frog barely misses you.
You block the black mamba's attack.
You finish merging with the rock.
You take 8 damage, and have 4/59 hp.
You now have 22/26 mp.
Aim: a black mamba (severely wounded)
The stone arrow hits the black mamba!
You kill the black mamba!
You now have 20/26 mp.
A rock wall.
The spiny frog completely misses you. The spiny frog stings you.
* * * LOW HITPOINT WARNING * * *
You begin to meditate on the wall.
You continue meditating on the rock.
The spiny frog stings you!
You die...

#.#...#.............P#
#.#.8.#..†..........#
..#...#.............#
#.#.....#...........#
##.....####.........#
.....+## #........##
......#####.#......#
.......P#P######F..#
..........######@###
............#.####
...............#.#
.................# #
.................###..
......................
......................
......................
......................


You could see a spiny frog.

Levels and vault maps discovered:
D:1:      dpeg_cavernosity, layout_loops_ring, roderic_lattice_a
D:2:      layout_rooms, chequers_ecumenical_altar_island, fedhas_altar_2
D:3:      layout_basic, saegor_snake_ambush
D:4:      layout_loops_ring, nicolae_dithmenos_the_darkroom,
          minmay_temple_entry_tees, dk_noncrumbling_3, minmay_shop_mass,
          uniq_blork_the_orc
D:5:      layout_rooms, first_ration, fountainhead
D:6:      layout_basic, grunt_ministairs_2, chequers_serial_rivers_large_a,
          minmay_fountain_box, serial_park_tiny_2, kennysheep_decorative_pillar,
          uniq_pikel
D:7:      layout_loops_ring, serial_shops, shop
D:8:      layout_rooms, grunt_lair_entry_orc_guard_hut
D:9:      layout_loops_ring, basic_altar
D:10:     layout_basic
Temple:   roderic_octagonal_lattice_temple
Lair:1:   layout_layer_cave, st_stairs_13, chequers_serial_rivers_small_a,
          grunt_megastairs_5, uniq_erica, uniq_urug
Lair:2:   layout_regular_city, gauntlet_entry_generic, lemuel_fruit_fields
Lair:3:   layout_layer_cave, nicolae_spider_entry_orb_guardian,
          lemuel_centaur_altar, serial_bayou_shore_a
Lair:4:   layout_cave_pods, shoals_dummy_entry, lemuel_fruit_tree,
          grunt_megastairs_1, infiniplex_staircase_pool_2

Notes
Turn   | Place    | Note
-------+----------+-------------------------------------------
     0 | D:1      | lepoulpe303 the Gargoyle Earth Elementalist began the quest
                  | for the Orb.
     0 | D:1      | Reached XP level 1. HP: 10/10 MP: 3/3
   157 | D:1      | Identified a +0 mace of protection (You found it on level 1
                  | of the Dungeon)
   406 | D:1      | Reached XP level 2. HP: 11/15 MP: 5/5
   410 | D:1      | Learned a level 2 spell: Passwall
   440 | D:1      | Identified a +0 short sword
   440 | D:1      | Identified a cursed +0 club
   482 | D:1      | Identified a +0 club
   486 | D:1      | Identified a +0 club
   496 | D:1      | Reached skill level 4 in Earth Magic
   713 | D:1      | Identified a +0 club
   965 | D:1      | Identified a +0 dagger
   990 | D:1      | Identified a cursed -2 club
  1223 | D:1      | Reached XP level 3. HP: 19/19 MP: 6/6
  1228 | D:1      | Learned a level 3 spell: Stone Arrow
  1808 | D:2      | Identified a +0 pair of boots (You found it on level 2 of
                  | the Dungeon)
  1849 | D:2      | Identified a +0 dagger
  1853 | D:2      | Reached skill level 2 in Dodging
  1869 | D:2      | Reached XP level 4. HP: 24/24 MP: 0/8
  1934 | D:2      | Identified 2 scrolls of teleportation
  1958 | D:2      | Identified a +0 short sword
  1990 | D:2      | Identified a +0 dagger
  2010 | D:2      | Found a blossoming altar of Fedhas.
  2012 | D:2      | Identified a cursed -1 dagger
  2069 | D:2      | Identified a +0 dagger of venom
  2128 | D:2      | Identified a +0 dagger
  2226 | D:2      | Found a faded altar of an unknown god.
  2256 | D:2      | Reached skill level 3 in Stealth
  2495 | D:3      | Reached skill level 3 in Spellcasting
  2548 | D:3      | Reached XP level 5. HP: 18/28 MP: 7/9
  2557 | D:3      | Learned a level 4 spell: Petrify
  2563 | D:3      | Reached skill level 5 in Earth Magic
  2701 | D:3      | Identified a +0 dagger
  3143 | D:3      | Identified a +0 club
  3297 | D:3      | Identified a +0 club
  3455 | D:4      | Found a shadowy altar of Dithmenos.
  3524 | D:4      | Identified 3 scrolls of identify
  3524 | D:4      | Identified an amulet of reflection (You found it on level 2
                  | of the Dungeon)
  3677 | D:4      | Found a staircase to the Ecumenical Temple.
  3684 | Temple   | Entered the Ecumenical Temple
  3823 | Temple   | Became a worshipper of Vehumet
  3910 | D:4      | Found Dotua's Mass Market.
  4053 | D:4      | Identified a +0 hand axe
  4053 | D:4      | Identified a +0 robe
  4053 | D:4      | Noticed Blork the orc
  4137 | D:4      | Reached XP level 6. HP: 32/32 MP: 11/11
  4349 | D:4      | Killed Blork the orc
  4413 | D:5      | Entered Level 5 of the Dungeon
  4495 | D:5      | Reached skill level 4 in Spellcasting
  4511 | D:5      | Identified a +0 giant club
  4518 | D:5      | Reached skill level 6 in Earth Magic
  4518 | D:5      | Reached XP level 7. HP: 35/36 MP: 9/13
  4549 | D:5      | Identified a +0 hand axe
  4552 | D:5      | Reached skill level 4 in Stealth
  4660 | D:5      | Identified a +0 flail
  4708 | D:5      | Identified a +0 shortbow
  4813 | D:6      | Identified a cursed +2 great sword
  4813 | D:6      | Identified a +0 robe
  4813 | D:6      | Identified a +2 dagger
  4813 | D:6      | Identified a +0 robe
  4813 | D:6      | Identified a +3 long sword
  4813 | D:6      | Identified a +0 robe
  4849 | D:6      | Reached skill level 3 in Dodging
  5150 | D:6      | Identified a +1 whip of freezing
  5150 | D:6      | Identified a +0 robe
  5150 | D:6      | Noticed Pikel
  5319 | D:6      | Identified a +0 cloak (You found it on level 6 of the
                  | Dungeon)
  6047 | D:7      | Reached skill level 7 in Earth Magic
  6054 | D:7      | Learned a level 5 spell: Lee's Rapid Deconstruction
  6064 | D:7      | Reached XP level 8. HP: 38/41 MP: 15/15
  6076 | D:7      | Reached skill level 5 in Spellcasting
  6100 | D:7      | Found Dyora's Antique Armour Boutique.
  6108 | D:7      | Bought an embroidered cloak for 210 gold pieces
  6118 | D:7      | Identified a +2 cloak (You bought it in a shop on level 7
                  | of the Dungeon)
  6204 | D:7      | Identified a cursed +0 shortbow
  6363 | D:7      | Reached skill level 8 in Earth Magic
  6475 | D:7      | Identified a ring of dexterity (You found it on level 7 of
                  | the Dungeon)
  6477 | D:7      | Identified 7 scrolls of remove curse
  6478 | D:7      | Identified a ring of protection (You found it on level 4 of
                  | the Dungeon)
  6637 | D:7      | Noticed a hippogriff
  6652 | D:7      | Killed a hippogriff
  6652 | D:7      | Reached skill level 4 in Dodging
  6652 | D:7      | Reached skill level 6 in Spellcasting
  6747 | D:8      | Reached XP level 9. HP: 45/45 MP: 16/18
  6757 | D:8      | Reached skill level 9 in Earth Magic
  6781 | D:8      | Identified a +0 whip
  6884 | D:8      | Identified a +0 spear
  6885 | D:8      | Identified a +0 spear
  6910 | D:8      | Identified a cursed -3 flail
  6910 | D:8      | Identified a +0 leather armour
  6911 | D:8      | Identified a +0 short sword
  6911 | D:8      | Identified a +0 chain mail
  6935 | D:8      | Identified a +1 short sword of freezing
  6935 | D:8      | Identified a +0 leather armour
  6936 | D:8      | Identified a +0 club
  7077 | D:8      | Reached skill level 7 in Spellcasting
  7110 | D:8      | Got a polished leather armour
  7121 | D:8      | Identified the +1 leather armour of the Desert {-Cast rC+++
                  | Regen+ SInv} (You found it on level 8 of the Dungeon)
  7134 | D:8      | Identified a +0 leather armour (You found it on level 2 of
                  | the Dungeon)
  7412 | D:8      | Identified a +0 long sword
  7412 | D:8      | Identified a +0 chain mail
  7444 | D:8      | Found a staircase to the Lair.
  7512 | D:8      | Identified a +0 dagger
  7512 | D:8      | Identified a cursed -2 scale mail
  7514 | D:8      | Identified a +0 hand axe
  7514 | D:8      | Identified a +0 ring mail
  7519 | D:8      | Identified a +0 trident
  7611 | D:8      | Reached skill level 1 in Armour
  7639 | D:8      | Identified +0 steam dragon scales
  7639 | D:8      | Reached skill level 1 in Transmutations
  7675 | D:8      | Identified a +0 giant spiked club
  7677 | D:8      | Reached * piety under Vehumet
  7677 | D:8      | Offered knowledge of Sting by Vehumet.
  7680 | D:8      | Learned a level 1 spell: Sting
  7764 | D:8      | Identified a +0 pair of gloves (You found it on level 8 of
                  | the Dungeon)
  7814 | D:9      | Noticed a troll
  7835 | D:9      | Killed a troll
  7835 | D:9      | Identified a +0 troll leather armour
  7835 | D:9      | Reached skill level 10 in Earth Magic
  7837 | D:9      | Noticed a troll
  7982 | D:9      | Killed a troll
  7982 | D:9      | Identified a +0 troll leather armour
  7982 | D:9      | Reached skill level 2 in Armour
  8138 | D:9      | Identified a cursed -3 giant club
  8138 | D:9      | Identified a cursed -1 giant spiked club
  8138 | D:9      | Noticed a two-headed ogre
  8241 | D:9      | Identified 2 potions of might
  8242 | D:9      | Identified 2 potions of berserk rage
  8243 | D:9      | Identified 5 potions of curing
  8244 | D:9      | Identified 2 potions of magic
  8245 | D:9      | Identified a scroll of amnesia
  8246 | D:9      | Identified 2 potions of heal wounds
  8252 | D:9      | Found a blossoming altar of Fedhas.
  8461 | D:9      | Reached XP level 10. HP: 50/50 MP: 15/21
  8583 | D:9      | Reached skill level 5 in Dodging
  8583 | D:9      | Reached skill level 2 in Transmutations
  8670 | D:9      | Reached skill level 8 in Spellcasting
  8685 | D:9      | Reached skill level 3 in Armour
  8773 | D:9      | Identified an amulet of the gourmand (You found it on level
                  | 9 of the Dungeon)
  8774 | D:9      | Identified a ring of positive energy (You found it on level
                  | 7 of the Dungeon)
  8863 | D:9      | Identified a +0 mace
  8863 | D:9      | Identified a cursed +0 leather armour
  8863 | D:9      | Identified a +0 giant club
  8863 | D:9      | Identified a +0 club
  8863 | D:9      | Identified a cursed -2 chain mail
  9078 | D:9      | Identified a +0 mace
  9078 | D:9      | Identified a +0 plate armour
  9217 | D:9      | Identified a +0 club
  9232 | D:10     | Entered Level 10 of the Dungeon
  9233 | D:10     | Identified a +0 long sword
  9233 | D:10     | Identified a +0 plate armour
  9233 | D:10     | Identified a +0 dagger
  9233 | D:10     | Identified a +0 robe
  9235 | D:10     | Identified a cursed +0 scale mail
  9354 | D:10     | Identified a +0 flail
  9355 | D:10     | Identified a cursed -3 halberd
  9355 | D:10     | Identified a +0 chain mail
  9363 | D:10     | Identified a +0 falchion
  9363 | D:10     | Identified a +0 dagger
  9363 | D:10     | Identified a +0 leather armour
  9363 | D:10     | Identified a +0 war axe
  9468 | D:10     | Identified a +0 war axe
  9468 | D:10     | Identified a +0 leather armour
  9469 | D:10     | Identified a +0 dagger
  9469 | D:10     | Identified a +0 robe
  9469 | D:10     | Identified a +0 ring mail of cold resistance
  9551 | D:10     | Identified a +0 dagger
  9552 | D:10     | Identified a +1 antimagic dagger
  9552 | D:10     | Identified a +0 robe
  9565 | D:10     | Reached ** piety under Vehumet
  9565 | D:10     | Reached skill level 11 in Earth Magic
  9568 | D:10     | Offered knowledge of Freeze by Vehumet.
  9571 | D:10     | Identified a +0 hand axe
  9655 | D:10     | Identified a +0 shortbow
  9708 | D:10     | Identified a +0 dagger
  9708 | D:10     | Identified a +0 chain mail
  9812 | D:10     | Identified a +0 shortbow
  9834 | D:10     | Identified a +0 whip
  9835 | D:10     | Identified a +0 dagger
  9838 | D:10     | Identified a cursed -3 dagger
  9839 | D:10     | Reached skill level 3 in Transmutations
  9839 | D:10     | Identified a +0 dagger
  9841 | D:10     | Identified a +2 whip of venom
  9847 | D:10     | Identified a +0 short sword
  9934 | D:10     | Reached skill level 4 in Armour
 10291 | Lair:1   | Entered Level 1 of the Lair of Beasts
 10427 | Lair:1   | Reached skill level 1 in Conjurations
 10428 | Lair:1   | Got an ancient morningstar
 10429 | Lair:1   | Identified the +4 morningstar of Distant Worlds {crush,
                  | Fragile rF+ MR+ Int+2} (You found it on level 1 of the Lair
                  | of Beasts)
 10441 | Lair:1   | Reached XP level 11. HP: 54/54 MP: 21/23
 10444 | Lair:1   | Reached skill level 1 in Maces & Flails
 10444 | Lair:1   | Reached skill level 9 in Spellcasting
 10493 | Lair:1   | Noticed a five-headed hydra
 10506 | Lair:1   | Killed a five-headed hydra
 10506 | Lair:1   | Offered knowledge of Dazzling Spray by Vehumet.
 10506 | Lair:1   | Reached skill level 2 in Conjurations
 10561 | Lair:1   | Reached skill level 12 in Earth Magic
 10567 | Lair:1   | Reached skill level 2 in Maces & Flails
 10573 | Lair:1   | Reached skill level 6 in Dodging
 10713 | Lair:1   | Noticed a four-headed hydra
 10715 | Lair:1   | Identified a +2 eveningstar
 10715 | Lair:1   | Identified a +0 chain mail
 10715 | Lair:1   | Noticed Urug
 11365 | D:8      | Killed Urug
 11365 | D:8      | Reached skill level 3 in Conjurations
 11484 | Lair:1   | Killed a four-headed hydra
 11631 | Lair:1   | Reached skill level 3 in Maces & Flails
 11634 | Lair:1   | Reached *** piety under Vehumet
 11736 | Lair:1   | Identified a +0 scimitar of flaming
 11736 | Lair:1   | Identified a +0 robe
 11736 | Lair:1   | Noticed Erica
 11743 | Lair:1   | Killed Erica
 11743 | Lair:1   | Reached skill level 10 in Spellcasting
 12154 | Lair:2   | Identified 3 scrolls of fear
 12155 | Lair:2   | Identified 3 scrolls of magic mapping
 12180 | Lair:2   | Reached skill level 4 in Conjurations
 12180 | Lair:2   | Reached XP level 12. HP: 47/59 MP: 26/26
 12185 | Lair:2   | Learned a level 3 spell: Mephitic Cloud
 12211 | Lair:2   | Found a gate leading to a gauntlet.
 12221 | Gauntlet | Entered a Gauntlet
 12221 | Gauntlet | Found a transporter.
 12221 | Gauntlet | Found a transporter.
 12221 | Gauntlet | Found a transporter.
 12222 | Gauntlet | Found a transporter.
 12222 | Gauntlet | Identified a +0 dagger
 12222 | Gauntlet | Identified a cursed +0 robe
 12224 | Gauntlet | Found a large runed translucent door.
 12225 | Gauntlet | Found a large runed translucent door.
 12226 | Gauntlet | Found a large runed translucent door.
 12226 | Gauntlet | Found a large runed translucent door.
 12226 | Gauntlet | Found a transporter.
 12226 | Gauntlet | Found a runed translucent door.
 12227 | Gauntlet | Found a transporter.
 12227 | Gauntlet | Found a large runed translucent door.
 12228 | Gauntlet | Found a large runed translucent door.
 12229 | Gauntlet | Found a large runed translucent door.
 12229 | Gauntlet | Found a large runed translucent door.
 12230 | Gauntlet | Found a runed translucent gate.
 12230 | Gauntlet | Found a runed translucent gate.
 12231 | Gauntlet | Noticed a queen ant
 12232 | Gauntlet | Found a transporter.
 12234 | Gauntlet | Found a transporter.
 12235 | Gauntlet | Found a transporter.
 12237 | Gauntlet | Found a runed translucent gate.
 12237 | Gauntlet | Found a runed translucent door.
 12237 | Gauntlet | Found a transporter.
 12245 | Gauntlet | Found a transporter.
 12245 | Gauntlet | Found a transporter.
 12280 | Gauntlet | Found a runed translucent door.
 12326 | Gauntlet | Found a large runed translucent door.
 12327 | Gauntlet | Found a large runed translucent door.
 12328 | Gauntlet | Found a large runed translucent door.
 12328 | Gauntlet | Found a large runed translucent door.
 12329 | Gauntlet | Found a large runed translucent door.
 12330 | Gauntlet | Found a large runed translucent door.
 12331 | Gauntlet | Found a large runed translucent door.
 12331 | Gauntlet | Found a large runed translucent door.
 12547 | Gauntlet | Reached skill level 13 in Earth Magic
 12591 | Gauntlet | Got a warped hat
 12597 | Gauntlet | Identified the +0 hat of the Valley of Death {rN+} (You
                  | found it in a Gauntlet)
 12650 | Gauntlet | Got a faintly glowing mace
 12652 | Gauntlet | Identified an amulet of the acrobat (You found it on level
                  | 1 of the Lair of Beasts)
 12653 | Gauntlet | Identified 4 potions of brilliance
 12654 | Gauntlet | Identified 2 potions of haste
 12671 | Gauntlet | HP: 13/59 [tyrant leech (20)]
 12672 | Gauntlet | Reached skill level 4 in Maces & Flails
 12762 | Gauntlet | Identified an amulet of guardian spirit (You found it in a
                  | Gauntlet)
 12776 | Gauntlet | Identified a +0 plate armour
 12776 | Gauntlet | Noticed a minotaur
 12826 | Lair:2   | Identified 4 scrolls of enchant weapon
 12927 | Lair:2   | Offered knowledge of Fulminant Prism by Vehumet.
 14032 | Lair:3   | Noticed a seven-headed hydra
 14038 | Lair:3   | Killed a seven-headed hydra
 14038 | Lair:3   | Reached skill level 5 in Conjurations
 14041 | Lair:3   | Reached skill level 7 in Dodging
 14664 | Lair:3   | Found a hole to the Spider Nest.
 14952 | Lair:3   | Found a shimmering altar of Xom.
 14952 | Lair:3   | Identified a +0 shortbow
 14952 | Lair:3   | Identified a +0 shortbow
 14952 | Lair:3   | Identified a +0 shortbow
 14952 | Lair:3   | Identified a +0 shortbow
 15405 | Lair:4   | HP: 12/59 [black mamba (12)]
 15407 | Lair:4   | HP: 3/59 [black mamba (7)]
 15422 | Lair:4   | HP: 6/59 [spiny frog (6)]
 15423 | Lair:4   | Mangled by a spiny frog

Table legend:
 A = Turns spent in this place as a percentage of turns spent in the entire game.
 B = Non-inter-level travel turns spent in this place as a percentage of non-inter-level travel turns spent in the entire game.
 C = Inter-level travel turns spent in this place as a percentage of turns spent in this place.
 D = Turns resting spent in this place as a percentage of non-inter-level travel turns spent in this place.
 E = Turns spent auto-exploring this place as a percentage of non-inter-level travel turns spent in this place.
 F = Non-inter-level travel turns spent in this place divided by the number of levels of this place that you've seen.
                   A       B       C       D       E      F
               +-------+-------+-------+-------+-------+----------------------
         Total | 100.0 | 100.0 |   5.8 |  22.2 |  51.7 | 908.5
       Dungeon |  67.5 |  67.2 |   6.2 |  25.6 |  47.0 | 976.8
        Temple |   1.0 |   1.0 |   9.1 |   0.0 |  93.6 | 140.0
          Lair |  27.8 |  27.9 |   5.4 |  14.7 |  65.6 | 1012.5
      Gauntlet |   3.7 |   4.0 |   0.0 |  22.3 |  23.0 | 578.0
               +-------+-------+-------+-------+-------+----------------------

Table legend:
 A = Kills in this place as a percentage of kills in entire the game.
 B = Kills by you in this place as a percentage of kills by you in the entire game.
 C = Kills by friends in this place as a percentage of kills by friends in the entire game.
 D = Other kills in this place as a percentage of other kills in the entire game.
 E = Experience gained in this place as a percentage of experience gained in the entire game.
 F = Experience gained in this place divided by the number of levels of this place that you have seen.
                   A       B       C       D       E      F
               +-------+-------+-------+-------+-------+----------------------
         Total | 100.0 | 100.0 |   N/A | 100.0 | 100.0 | 1734.1
       Dungeon |  74.6 |  75.4 |   N/A |  25.0 |  33.9 | 941.6
          Lair |  21.8 |  21.1 |   N/A |  75.0 |  57.9 | 4016.0
      Gauntlet |   3.5 |   3.6 |   N/A |   0.0 |   8.2 | 2265.0
               +-------+-------+-------+-------+-------+----------------------

Skill      XL: |  1  2  3  4  5  6  7  8  9 10 11 12 |
---------------+-------------------------------------+-----
Earth Magic    | 4 5 6 7 8 10 11 12 13 | 13.8
Dodging        | 2 3 4 5 6 7 |  7.1
Stealth        | 3 4 |  4.6
Spellcasting   | 3 4 6 7 8 10 | 10.8
Armour         | 2 4 |  4.0
Transmutations | 1 3 |  3.1
Conjurations   | 1 4 5 |  5.3
Maces & Flails | 3 4 |  4.8

Action                   |  1- 3 |  4- 6 |  7- 9 | 10-12 || total
-------------------------+-------+-------+-------+-------++-------
Melee: Mace              |   132 |   198 |   159 |   247 ||   736
       Morningstar       |       |       |       |   229 ||   229
Throw: Javelin           |       |       |       |     2 ||     2
 Cast: Sandblast         |    12 |    38 |    97 |    83 ||   230
       Stone Arrow       |       |       |     4 |    96 ||   100
       Petrify           |       |       |     8 |    17 ||    25
       Lee's Rapid Decon |       |       |     7 |    21 ||    28
       Passwall          |       |       |       |     4 ||     4
       Sting             |       |       |       |     8 ||     8
       Mephitic Cloud    |       |       |       |     1 ||     1
Evoke: Wand              |       |       |       |     5 ||     5
  Use: Scroll            |       |     2 |     8 |     9 ||    19
 Stab: Sleeping          |     5 |     1 |     3 |     4 ||    13
       Distracted        |       |       |     1 |       ||     1
       Petrified         |       |       |     4 |    17 ||    21
       Petrifying        |       |       |       |     2 ||     2
       Confused          |       |       |       |     1 ||     1
  Eat: Chunk             |     3 |     6 |    11 |    15 ||    35
       Ration            |       |     1 |     1 |     4 ||     6
Armor: Robe              |    84 |   107 |    85 |       ||   276
       Leather armour    |       |       |    11 |       ||    11
       Troll leather arm |       |       |     7 |   340 ||   347
       Steam dragon scal |       |       |     2 |       ||     2
Dodge: Dodged            |   116 |   163 |   146 |   460 ||   885
Block: Other             |       |    12 |    37 |   126 ||   175
       Reflection        |       |       |     1 |    14 ||    15

Vanquished Creatures
  3 hydras
  Erica (Lair:1)
  Urug (D:8)
  An orb spider (Lair:3)
  2 slime creatures (Gauntlet)
  2 black mambas (Lair:4)
  4 spiny frogs
  4 komodo dragons
  3 trolls
  A tyrant leech (Gauntlet)
  A hornet (D:9)
  2 polar bears
  7 hippogriffs
  11 yaks
  3 shadows (Gauntlet)
  A basilisk (Lair:3)
  A steam dragon (D:8)
  3 swamp worms (Gauntlet)
  4 water moccasins
  5 porcupines
  4 slaves (D:6)
  5 orc warriors
  2 ice beasts
  A sky beast (D:10)
  A necrophage (D:9)
  A phantom (D:7)
  An eye of draining (D:9)
  5 wolves (Lair:1)
  4 centaurs
  3 ogres
  10 crocodiles
  Blork the orc (D:4)
  A big kobold (D:10)
  10 bullfrogs
  4 scorpions
  12 killer bees
  3 wights
  A howler monkey (D:4)
  A crimson imp (D:5)
  2 bullfrog zombies
  4 orc priests
  4 hounds
  3 jellies
  2 centaur skeletons (D:7)
  5 iguanas
  3 orc wizards (D:10)
  4 worker ants
  A hound skeleton (D:10)
  3 worker ant zombies
  3 gnolls (D:8)
  11 adders
  2 shadow imps
  2 oozes (D:2)
  7 worms
  2 adder skeletons
  A dart slug (D:1)
  6 leopard geckos
  17 orcs
  6 bats
  8 giant cockroaches
  7 hobgoblins
  5 jackals
  2 quokkas (D:3)
  6 ball pythons
  2 frilled lizards
  8 goblins
  15 kobolds
  A leopard gecko skeleton (D:8)
  A leopard gecko zombie (D:5)
  11 rats
  A demonic plant (Gauntlet)
  A fungus (D:8)
286 creatures vanquished.

Vanquished Creatures (others)
  4 centaurs
  An orc (D:10)
  4 fungi
  4 plants (Lair:3)
13 creatures vanquished.

Grand Total: 299 creatures vanquished
